 Dungeon Crawl Stone Soup version 0.32-a0-630-g46d191b0ed (webtiles) character file.

Game seed: 16670893408062811473

302 retardedninja the Trooper (level 6, -1/49 HPs)
             Began as a Coglin Fighter on Mar 6, 2024.
             Slain by Grinder (7 damage)
             ... on level 3 of the Dungeon.
             The game lasted 00:03:30 (1927 turns).

retardedninja the Trooper (Coglin Fighter)          Turns: 1927, Time: 00:03:30

Health: -1/49      AC:  8    Str: 18    XL:     6   Next: 37%
Magic:  6/6        EV:  9    Int:  8    God:
Gold:   138        SH:  4    Dex: 13    Spells: 5/5 levels left

rFire   . . .        a - +0 war axe {Hajoon}
rCold   . . .        c - +0 buckler
rNeg    . . .        b - +0 scale mail
rPois   .            (no helmet)
rElec   .            n - +0 cloak
rCorr   .            (no gloves)
SInv    .            (no boots)
Will    .....        (amulet unavailable) Stlth
                     (ring unavailable)
HPRegen 0.28/turn    (ring unavailable)
MPRegen 0.10/turn    (no gizmo)

%: no passive effects
@: revved
A: off-hand wielding, slow wielding, warmup strikes, no jewellery
a: Invent Gizmo


You were on level 3 of the Dungeon.
You visited 1 branch of the dungeon, and saw 3 of its levels.

You collected 138 gold pieces.

Inventory:

Hand Weapons
 a - a +0 war axe (weapon) {Hajoon}
Armour
 b - a +0 scale mail (worn)
 c - a +0 buckler (worn)
 n - a +0 cloak (worn)
Scrolls
 e - 4 scrolls of identify {unknown}
 g - 3 scrolls of teleportation {unknown}
 h - a scroll of brand weapon {unknown}
 j - a scroll of summoning {unknown}
 m - a scroll of vulnerability {unknown}
Potions
 d - a potion of attraction {unknown}
 f - 2 potions of curing {unknown}
 i - a potion of mutation {unknown}
 k - a potion of brilliance {unknown}
 l - a potion of degeneration {unknown}
 o - a potion of haste {unknown}


   Skills:
 * Level 4.6 Fighting
 * Level 3.9 Axes
 + Level 3.5 Armour
 + Level 1.5 Dodging
 - Level 2.5 Shields


You had 5 spell levels left.
You didn't know any spells.
Your spell library was empty.

Dungeon Overview and Level Annotations

Branches:
Dungeon (3/15)

Altars:

Annotations:
D:3 Grinder


Innate Abilities, Weirdness & Mutations

You can wield a second weapon in your off-hand.
It takes a long time for you to wield or remove held weapons.
Your first few attacks do less damage.
You cannot equip rings or amulets.


Message History

Grinder is moderately wounded.
Grinder gestures at you.
You suddenly lose the ability to move!
Grinder hits you. Grinder hits you but does no damage.
Grinder hits you but does no damage. Grinder hits you.
You writhe in agony.
You can move again.
Unknown command.
Unknown command.
Unknown command.
You barely miss Grinder.
Grinder is moderately wounded.
Grinder gestures at you.
You barely resist. Grinder completely misses you.
You slash Grinder!
Grinder is heavily wounded.
Grinder misses you.
You closely miss Grinder.
Grinder is heavily wounded.
Grinder says, "There's only one good use for a tongue: cutting it out."
Grinder misses you.
You closely miss Grinder.
Grinder is heavily wounded.
Grinder closely misses you. Grinder hits you.
You barely miss Grinder.
Grinder is heavily wounded.
Grinder hits you.
You hit Grinder.
Grinder is severely wounded.
Grinder hits you.
* * * LOW HITPOINT WARNING * * *
You writhe in agony.
* * * LOW HITPOINT WARNING * * *
You closely miss Grinder.
Grinder is severely wounded.
Grinder gestures at you.
You barely resist. Grinder hits you!
You die...
Grinder says, "Hey, I wasn't done torturing you yet!"

... #.#.###.# #..####
#?#.....#
#.....####.#....#####
#.......)..†.........
#.......##.#.####...#
.###.......##.#.#
#....
...........##.#.#
#....
...........##.#.#
#...#
......5@...##.#.#
#...#
...........##.#.#
#....
....####.####....
#...# ... #.# ...
#...# . #.# ##.#. #.#
#. #^# #.#


You could see Grinder.

Vanquished Creatures
  Sigmund (D:2)
  A bombardier beetle (D:3)
  Jessica (D:3)
  2 adders
  2 dart slugs
  8 ball pythons
  6 endoplasms
  A giant cockroach (D:1)
  3 goblins (D:1)
  9 hobgoblins
  2 quokkas
  2 bats
  4 frilled lizards
  5 kobolds
  8 rats
55 creatures vanquished.

Notes
Turn   | Place    | Note
-------+----------+-------------------------------------------
     0 | D:1      | retardedninja the Coglin Fighter began the quest for the
                  | Orb.
     0 | D:1      | Reached XP level 1. HP: 18/18 MP: 1/1
   121 | D:1      | Reached XP level 2. HP: 22/24 MP: 2/2
   471 | D:1      | Reached XP level 3. HP: 29/29 MP: 3/3
  1112 | D:2      | Found a faded altar of an unknown god.
  1151 | D:2      | Noticed Sigmund
  1161 | D:2      | Killed Sigmund
  1162 | D:2      | Reached skill level 4 in Fighting
  1162 | D:2      | Reached skill level 1 in Dodging
  1162 | D:2      | Reached XP level 4. HP: 6/38 MP: 4/4
  1162 | D:2      | Reached XP level 5. HP: 7/43 MP: 5/5
  1464 | D:2      | Reached XP level 6. HP: 49/49 MP: 6/6
  1880 | D:3      | Noticed Grinder
  1884 | D:3      | Noticed Jessica
  1895 | D:3      | Killed Jessica
  1916 | D:3      | Paralysed by Grinder for 5 turns
  1927 | D:3      | Slain by Grinder

Illustrated notes

Levels and vault maps discovered:
D:1:      evilmike_arrival_hilbert_curve, layout_loops_ring
D:2:      layout_rooms, dilly_ecumenical_altar_fadedgnrine, uniq_sigmund
D:3:      layout_basic, grunt_temple_overflow_octagram, uniq_grinder,
          uniq_robin, uniq_jessica

Skill      XL: |  1  2  3 |
---------------+----------+-----
Armour         | 3 |  3.5
Fighting       | 4 |  4.6
Axes           | 3 |  3.9
Dodging        | 1 |  1.5
Shields        | |  2.5

Action                     |  1- 3 |  4- 6 || total
---------------------------+-------+-------++-------
  Melee: War axe           |    89 |    56 ||   145
    Use: Potion            |     1 |       ||     1
 Armour: Scale mail        |    66 |    34 ||   100
  Dodge: Dodged            |    35 |    27 ||    62
  Block: Buckler           |    23 |    19 ||    42

Table legend: (Time is in decaauts)
 A = Elapsed time spent in this place.
 B = Non-inter-level travel time spent in this place.
 C = Inter-level travel time spent in this place.
 D = Time resting spent in this place.
 E = Time spent auto-exploring this place.
 F = Levels seen in this place.
 G = Mean time per level.
                   A        B        C        D        E       F      G
               +--------+--------+--------+--------+--------+-----+--------+
         Total |   1983 |   1931 |     52 |    229 |   1307 |   3 |  661.0 |
       Dungeon |   1983 |   1931 |     52 |    229 |   1307 |   3 |  661.0 |
               +--------+--------+--------+--------+--------+-----+--------+

Top non-repeatable levels by time:
     D:1: 926 daAuts
     D:2: 729 daAuts
     D:3: 327 daAuts
